 Dungeon Crawl Stone Soup version 0.19-a0-939-g86877d0 (webtiles) character file.

106463 Arkorax the Imperceptible (level 16, -8/90 HPs)
             Began as a Vine Stalker Berserker on July 7, 2016.
             Was a High Priest of Trog.
             Killed from afar by Nikola (27 damage)
             ... with a chain lightning
             ... on level 1 of the Depths on July 8, 2016.
             The game lasted 00:46:05 (22211 turns).

Arkorax the Imperceptible (Vine Stalker Berserker) Turns: 22211, Time: 00:46:07

Health: -8/90      AC: 12    Str: 21    XL:     16   Next: 44%
Magic:  0/5        EV: 27    Int:  7    God:    Trog [*****.]
Gold:   195        SH:  6    Dex: 20    Spells: 0 memorised, 15 levels left

rFire  + + .     SeeInvis .     b - +9 quick blade (antimagic)
rCold  . . .     Gourm    .     y - +2 robe of Vines {NoDeviceHeal Regen+7}
rNeg   + . .     Faith    .     L - +0 buckler
rPois  +         Spirit   +     U - +2 helmet "Vequl" {rF++}
rElec  .         Dismiss  .     n - +1 cloak
rCorr  .         Reflect  .     v - +1 pair of gloves
SustAt .         Harm     .     A - +0 pair of boots
MR     +++++     Clarity  +     X - amulet of the Four Winds {rN+ MR+++ Clar}
Stlth  +++++++++.               Q - ring of poison resistance
                                m - +6 ring of evasion

@: regenerating, almost entirely resistant to hostile enchantments, incredibly
stealthy
A: fangs 3, magic resistance 1, regeneration 3, magic shield, antimagic bite, no
device heal 3, rot immunity
a: Berserk, Trog's Hand, Brothers in Arms, Burn Spellbooks, Renounce Religion


You were on level 1 of the Depths.
You worshipped Trog.
Trog was extremely pleased with you.
You were not hungry.

You visited 5 branches of the dungeon, and saw 26 of its levels.
You visited 2 bazaars.
You also visited: Labyrinth, Ice Cave and Volcano.

You collected 2481 gold pieces.
You spent 2286 gold pieces at shops.

Inventory:

Hand Weapons
 b - a +9 antimagic quick blade (weapon)
 h - a +2 dagger of electrocution
 K - the +9 short sword of Rurghisu {drain, Str+4}
   (Trog gifted it to you on level 2 of the Orcish Mines)

   A truly terrible weapon, it drains the life of those it strikes.
   It affects your strength (+4).
Missiles
 C - 3 throwing nets (quivered)
Armour
 n - a +1 cloak (worn)
 s - a +2 robe of fire resistance
 v - a +1 pair of gloves (worn)
 y - the +2 robe of Vines (worn) {NoDeviceHeal Regen+7}
   (You bought it in a shop on level 2 of the Orcish Mines)

   It increases your rate of regeneration.
 A - a +0 pair of boots (worn)
 E - a +2 robe of cold resistance
 L - a +0 buckler (worn)
 U - the +2 helmet "Vequl" (worn) {rF++}
   (You bought it in a shop on level 2 of the Orcish Mines)

   It greatly protects you from fire.
Jewellery
 m - a +6 ring of evasion (left hand)
 p - the ring "Visixtoa" {Str+4 Dex+4 Stlth+}
   (You found it in a labyrinth)

   [ring of stealth]

   It affects your strength (+4).
   It affects your dexterity (+4).
   It makes you more stealthy.
 u - an uncursed ring of protection from fire
 Q - a ring of poison resistance (right hand)
 V - an uncursed ring of protection from magic
 X - the amulet of the Four Winds (around neck) {rN+ MR+++ Clar}
   (You bought it in a shop in a bazaar)

   [amulet of nothing]

   It protects you from negative energy.
   It affects your resistance to hostile enchantments.
   It protects you against confusion.
Wands
 j - a wand of teleportation (6/9)
 M - a wand of paralysis (6/24)
 N - a wand of digging (1/24)
 S - a wand of paralysis (7/24)
 W - a wand of disintegration (15/24)
Scrolls
 a - 2 scrolls of magic mapping
 d - 5 scrolls of fog
 f - 5 scrolls of identify
 l - 3 scrolls of teleportation
 o - 3 scrolls of recharging
 q - 5 scrolls of fear
 z - 13 scrolls of remove curse
 B - 5 scrolls of enchant armour
 D - a scroll of summoning
 O - a scroll of enchant weapon
Potions
 e - 5 potions of ambrosia
 g - 2 potions of might
 i - 2 potions of resistance
 k - 6 potions of agility
 t - a potion of magic
 x - 5 potions of haste
 G - 2 potions of berserk rage
 H - 2 potions of flight
 I - 2 potions of invisibility
 P - 3 potions of brilliance
 R - 12 potions of curing
 Z - a potion of cancellation
Comestibles
 c - 7 bread rations
 r - 5 meat rations
 w - 34 fruits
 F - 9 slices of pizza
 J - 4 beef jerkies
 T - a royal jelly


   Skills:
 + Level 12.9 Fighting
 - Level 8.3 Short Blades
 - Level 1.5 Armour
 + Level 10.8 Dodging
 * Level 22.9 Stealth
 - Level 5.6 Shields


You had 15 spell levels left.
You didn't know any spells.

Dungeon Overview and Level Annotations

Branches:
Dungeon (15/15)            Temple (0/1) D:5            Lair (6/6) D:9
 Shoals (0/4) Lair:4       Spider (2/4) Lair:3        Slime (0/5) Lair:6
    Orc (2/2) D:11            Elf (0/3) Orc:2        Vaults (0/5) D:14
 Depths (1/5) D:15

Altars:
Ashenzari
Cheibriados
Dithmenos
Fedhas
Makhleb
Pakellas
Ru
Trog
Xom
Yredelemnul
Zin
The Shining One
Beogh
Jiyva

Shops:
D:5 (=[**   D:12 =   Orc:2 [([(

Portals:
Hell: Lair:6 Depths:1
Trove: D:14 (give +7 demon blade)

Annotations:
D:10 1 exclusion
Depths:1 Nikola


Innate Abilities, Weirdness & Mutations

You have razor-sharp teeth.
You regenerate.
When hurt, damage is shared between your health and your magic reserves.
Your bite disrupts and absorbs the magic of your enemies.
Potions and wands cannot restore your health.
You are immune to rotting.
You are resistant to hostile enchantments. (MR+)


Message History

Your skin crawls.
You feel resistant to hostile enchantments.
You feel somewhat more hungry.
Found a beef jerky.
A great orb of eyes comes into view.
There is a stone staircase leading down here.
The helpless Nikola fails to defend himself.
You skewer Nikola like a kebab!!!!!
Nikola's magic leaks into the air.
You bite Nikola!
Nikola's magic leaks into the air.
You drain his magic.
Nikola is almost dead.
Nikola mumbles some strange words.
Nikola blinks!
Nikola falters for a moment.
Nikola mumbles some strange words.
You hear a mighty clap of thunder!
The lightning arc hits you!
The lightning arc hits Nikola.
The lightning arc hits you!
* * * LOW HITPOINT WARNING * * *
The lightning arc hits Nikola.
The lightning arc hits you!
You die...

####........(.......)..
##..................
###.............##....
#......####.....##.... #
#.....#####...........
###.##........#...........
#.....§>......#...........
###.......................
#......@.....?.........#
#........................#
.......%.............†....
..........................
.........@......##..)†...#
G......#.####...###.....##
......### #.#.## #.......
..... ...... ........
##..# .........


You could see Nikola.

Vanquished Creatures
  Gastronok (Lair:2)
  The ghost of cappa the Severer, a journeyman HOBe of Trog (Depths:1)
  2 entropy weavers (Spider:2)
  The ghost of Mulkerokala the Black Sun, a journeyman DsNe of Kikubaaqudgha (Orc:1)
  The ghost of Steforg the Nimble, a journeyman DsWn of Hepliaklqana (Orc:1)
  2 ettins (Depths:1)
  A minotaur (Lab)
  Harold (Lair:2)
  3 fire dragons (Depths:1)
  A hell beast (Lair:6)
  11 hydras
  A death knight (D:15)
  An ogre mage (Depths:1)
  5 centaur warriors
  A tengu warrior (D:15)
  2 orc high priests (Orc:2)
  3 vampire magi (Depths:1)
  Nergalle (D:10)
  A hell knight (Volcano)
  3 wizards
  3 unseen horrors
  A giant orange brain (Depths:1)
  A sea snake (shapeshifter) (D:15)
  A deep elf mage (D:14)
  A lindwurm (Lair:1)
  2 orb spiders
  7 hill giants
  A statue (Volcano)
  4 wolf spiders
  2 orc sorcerers (Orc:2)
  2 cyclopes
  29 ugly things
  3 manticores
  A moth of wrath (shapeshifter) (D:15)
  A griffon (D:15)
  2 black mambas
  4 elephants (Lair:2)
  A moth of wrath (Spider:1)
  Maurice (D:9)
  An eye of devastation (shapeshifter) (D:15)
  6 spiny frogs
  A gargoyle (D:11)
  3 centaur skeletons
  A freezing wraith (D:15)
  A torpor snail (Lair:5)
  A kobold demonologist (D:14)
  3 orange demons (Lair:6)
  6 demonic crawlers
  5 rime drakes
  8 komodo dragons
  4 ice devils (Lair:6)
  A hellwing (Lair:6)
  A tengu conjurer (D:15)
  5 jumping spiders
  2 polar bears (D:15)
  8 trolls
  A two-headed ogre (D:14)
  6 slime creatures
  Prince Ribbit (D:7)
  A wind drake (shapeshifter) (Depths:1)
  13 blink frogs
  2 boulder beetles
  2 meliai zombies
  26 yaks
  18 redbacks
  A snapping turtle (Lair:4)
  2 tarantellas
  A shadow (D:15)
  6 wyverns
  2 wraiths
  A tarantella (shapeshifter) (D:15)
  A human (shapeshifter) (D:13)
  A basilisk (D:13)
  3 steam dragons
  8 hippogriffs
  7 vampire mosquitoes
  A mottled dragon (D:11)
  A mottled dragon (shapeshifter) (D:13)
  A warg (Orc:2)
  12 soldier ants (Spider:2)
  A hell hound (Lair:6)
  7 porcupines
  8 water moccasins
  Duvessa (D:7)
  36 orc warriors
  2 ice beasts
  10 ogres
  3 sky beasts
  2 black bears
  4 boggarts (D:15)
  3 phantoms
  An eye of draining (D:12)
  22 wolves
  A necrophage (D:8)
  12 centaurs
  5 crocodiles
  6 big kobolds
  15 giant frogs
  2 gnoll sergeants (D:9)
  Dowan (D:7)
  2 scorpions
  10 killer bees
  6 howler monkeys
  17 wights
  2 electric eels
  3 crimson imps
  4 lava snakes (Volcano)
  A giant frog zombie (D:7)
  4 jellies
  22 orc priests
  4 giant frog skeletons
  2 hounds
  26 orc wizards
  7 iguanas
  24 worker ants
  4 sheep
  2 hound zombies
  Robin (D:2)
  3 gnolls
  13 adders
  43 river rats
  A shadow imp (D:8)
  2 worms
  3 dart slugs
  4 giant geckos
  92 orcs
  A ball python (D:6)
  10 bats
  5 giant cockroaches
  16 goblins
  8 hobgoblins
  21 jackals
  5 quokkas
  A giant newt (D:2)
  A jackal zombie (D:6)
  20 kobolds
  13 rats
830 creatures vanquished.

Vanquished Creatures (collateral kills)
  An orc warlord (Orc:2)
  An orc sorcerer (Orc:1)
  An elephant (Lair:2)
  An ice devil (Lair:6)
  4 orcs
8 creatures vanquished.

Vanquished Creatures (others)
  A boggart (D:15)
  A worker ant (Spider:2)
  2 orcs (Orc:1)
  A fungus (Lair:3)
5 creatures vanquished.

Grand Total: 843 creatures vanquished

Notes
Turn   | Place    | Note
-------+----------+-------------------------------------------
     0 | D:1      | Arkorax the Vine Stalker Berserker began the quest for the Orb.
     0 | D:1      | Reached XP level 1. HP: 11/11 MP: 2/2
    52 | D:1      | Reached skill level 1 in Stealth
    95 | D:1      | Reached XP level 2. HP: 14/16 MP: 3/3
   448 | D:1      | Reached ** piety under Trog
   448 | D:1      | Reached skill level 2 in Stealth
   448 | D:1      | Reached XP level 3. HP: 9/20 MP: 1/4
   954 | D:2      | Reached XP level 4. HP: 13/24 MP: 1/5
  1094 | D:2      | Noticed Robin
  1105 | D:2      | Killed Robin
  1105 | D:2      | Reached skill level 3 in Stealth
  1583 | D:3      | Reached *** piety under Trog
  1583 | D:3      | Reached XP level 5. HP: 28/28 MP: 6/6
  1771 | D:3      | Reached skill level 4 in Stealth
  2390 | D:4      | Gained mutation: You heal very quickly. [Vine Stalker growth]
  2390 | D:4      | Reached XP level 6. HP: 33/33 MP: 7/7
  2405 | D:4      | Found a glowing silver altar of Zin.
  2836 | D:4      | Got an ichor-stained great mace
  2837 | D:4      | Identified the +4 great mace of Overwhelming Force {crush, MR+} (You found it on level 4 of the Dungeon)
  3061 | D:5      | Entered Level 5 of the Dungeon
  3087 | D:5      | Found Rucobb's Jewellery Shop.
  3166 | D:5      | Reached **** piety under Trog
  3196 | D:5      | Found a staircase to the Ecumenical Temple.
  3401 | D:5      | Found Guqer's Assorted Antiques.
  3458 | D:5      | Found Muceer's Weapon Shop.
  3480 | D:5      | Reached skill level 5 in Stealth
  3512 | D:5      | Noticed a phantom
  3541 | D:5      | Killed a phantom
  3541 | D:5      | Reached skill level 1 in Shields
  3541 | D:5      | Reached XP level 7. HP: 34/37 MP: 8/8
  3710 | D:5      | Found Nichikaff's Armour Emporium.
  3732 | D:5      | Found Yzooril's Assorted Antiques.
  3806 | D:5      | Found a basalt altar of Yredelemnul.
  3808 | D:5      | Found a glowing golden altar of the Shining One.
  3809 | D:5      | Found a shattered altar of Ashenzari.
  3809 | D:5      | Found a snail-covered altar of Cheibriados.
  4206 | D:6      | Reached skill level 5 in Short Blades
  4206 | D:6      | Reached skill level 6 in Stealth
  4336 | D:6      | Gained mutation: You have razor-sharp teeth. [Vine Stalker growth]
  4336 | D:6      | Reached XP level 8. HP: 38/42 MP: 9/9
  4422 | D:6      | You fall through a shaft for 2 floors!
  4480 | D:6      | Reached skill level 7 in Stealth
  4594 | D:5      | Bought a shimmering dagger for 182 gold pieces
  4594 | D:5      | Identified the +5 dagger of Ydwuenel {pierce, +Blink rF+ rN++ Int-4} (You bought it in a shop on level 5 of the Dungeon)
  5229 | D:7      | Noticed Duvessa
  5229 | D:7      | Noticed Dowan
  5242 | D:7      | Killed Duvessa
  5255 | D:7      | Killed Dowan
  5316 | D:7      | Noticed a six-headed hydra
  5323 | D:7      | Killed a six-headed hydra
  5323 | D:7      | Reached skill level 9 in Stealth
  5323 | D:7      | Reached skill level 5 in Shields
  5323 | D:7      | Reached XP level 9. HP: 45/45 MP: 10/10
  5439 | D:7      | Found a shimmering altar of Xom.
  5483 | D:7      | Noticed Prince Ribbit
  5490 | D:7      | Killed Prince Ribbit
  5525 | D:7      | Found a blossoming altar of Fedhas.
  5948 | D:8      | Reached skill level 10 in Stealth
  6158 | D:8      | Reached XP level 10. HP: 43/51 MP: 11/11
  6161 | D:8      | Reached ***** piety under Trog
  6168 | D:8      | Reached skill level 5 in Fighting
  6211 | D:8      | Reached skill level 11 in Stealth
  6231 | D:8      | Noticed a three-headed hydra
  6237 | D:8      | Killed a three-headed hydra
  6412 | D:8      | Received a gift from Trog
  6912 | D:9      | Reached skill level 12 in Stealth
  7012 | D:9      | Found a staircase to the Lair.
  7463 | D:9      | Noticed Maurice
  7664 | D:9      | Killed Maurice
  7718 | D:9      | Reached XP level 11. HP: 57/57 MP: 4/12
  7823 | D:10     | Entered Level 10 of the Dungeon
  7860 | D:10     | Reached skill level 13 in Stealth
  7925 | D:10     | Identified a scroll of acquirement
  7928 | D:10     | Got a pair of steaming gloves
  7941 | D:10     | Identified the -6 pair of gloves of the Volcano {rC+ MR- MP-9 Int+7} (You acquired it on level 10 of the Dungeon)
  8003 | D:10     | Found an oddly glowing altar of Pakellas.
  8159 | D:10     | Noticed Nergalle
  8178 | D:10     | Killed Nergalle
  8255 | D:11     | Noticed a red ugly thing
  8266 | D:11     | Killed a red ugly thing
  8320 | D:11     | Reached skill level 14 in Stealth
  8338 | D:11     | Noticed a hill giant
  8349 | D:11     | Killed a hill giant
  8508 | D:11     | Noticed a hill giant
  8510 | D:11     | Found a flickering gateway to a bazaar.
  8511 | D:11     | Killed a hill giant
  8521 | Bazaar   | Entered a bazaar
  8531 | Bazaar   | Found Feoblat's Food Emporium.
  8535 | Bazaar   | Found Uxucw's Food Shoppe.
  8543 | Bazaar   | Found Wifeh's Antique Armour Boutique.
  8555 | Bazaar   | Found Itzar's Gadget Shoppe.
  8714 | D:11     | Found a staircase to the Orcish Mines.
  8832 | D:11     | Noticed a green ugly thing
  8836 | D:11     | Killed a green ugly thing
  9014 | D:11     | Reached skill level 5 in Dodging
  9027 | D:11     | Reached skill level 15 in Stealth
  9212 | D:11     | Gained mutation: You regenerate. [Vine Stalker growth]
  9212 | D:11     | Reached XP level 12. HP: 64/64 MP: 4/13
  9681 | D:12     | Reached ****** piety under Trog
  9707 | D:12     | Found Viteif's Jewellery Emporium.
  9977 | D:12     | Found a frozen archway.
  9991 | IceCv    | Entered an ice cave
 10323 | Lair:1   | Entered Level 1 of the Lair of Beasts
 10345 | Lair:1   | Received a gift from Trog
 10380 | Lair:1   | Found a labyrinth entrance.
 10428 | Lab      | Entered a labyrinth
 10577 | Lab      | Noticed a minotaur
 10586 | Lab      | Killed a minotaur
 10586 | Lab      | Reached skill level 16 in Stealth
 10608 | Lab      | Received a gift from Trog
 10638 | Lab      | Got a brightly glowing marble ring
 10640 | Lab      | Identified the ring "Visixtoa" {Str+4 Dex+4 Stlth+} (You found it in a labyrinth)
 10764 | Lair:1   | Found a dark tunnel.
 10774 | Volcano  | Entered a volcano
 10921 | Volcano  | Found an iron altar of Okawaru.
 11980 | Lair:2   | Noticed Gastronok
 11988 | Lair:2   | Reached skill level 17 in Stealth
 11990 | Lair:2   | Reached XP level 13. HP: 70/70 MP: 4/14
 12007 | Lair:2   | Killed Gastronok
 12112 | Lair:2   | Gained mutation: You are resistant to hostile enchantments. (MR+) [potion of beneficial mutation]
 12629 | Lair:2   | Noticed Harold
 12635 | Lair:2   | Killed Harold
 12812 | Lair:3   | Received a gift from Trog
 13010 | Lair:3   | Reached skill level 18 in Stealth
 13045 | Lair:3   | Found a hole to the Spider Nest.
 13529 | Lair:4   | Reached skill level 10 in Fighting
 13826 | Lair:4   | Found a staircase to the Shoals.
 14621 | Lair:5   | Reached skill level 19 in Stealth
 14622 | Lair:5   | Upgraded the game from 0.19-a0-929-g333bac9 to 0.19-a0-939-g86877d0
 14652 | Lair:5   | You fall through a shaft!
 14652 | Lair:6   | Entered Level 6 of the Lair of Beasts
 14652 | Lair:6   | Found a viscous altar of Jiyva.
 14652 | Lair:6   | Found a staircase to the Slime Pits.
 14671 | Lair:6   | Reached XP level 14. HP: 71/77 MP: 5/15
 15354 | Lair:6   | Found a burning altar of Makhleb.
 15632 | Lair:6   | Found a gateway to Hell.
 15957 | D:12     | Found a shadowy altar of Dithmenos.
 16276 | D:13     | Reached skill level 20 in Stealth
 16826 | D:14     | Received a gift from Trog
 17014 | D:14     | Found a portal to a secret trove of treasure.
 17132 | D:14     | Found a glowing golden altar of the Shining One.
 17186 | D:14     | Found a gate to the Vaults.
 17533 | D:15     | Entered Level 15 of the Dungeon
 17539 | D:15     | Reached XP level 15. HP: 83/83 MP: 5/16
 17547 | D:15     | Found a bloodstained altar of Trog.
 17803 | D:15     | Found a sacrificial altar of Ru.
 17843 | D:15     | Reached skill level 21 in Stealth
 18232 | D:15     | Found a staircase to the Depths.
 18310 | D:15     | Received a gift from Trog
 18718 | Orc:1    | Entered Level 1 of the Orcish Mines
 18718 | Orc:1    | Noticed Steforg's ghost (journeyman DsWn)
 18731 | Orc:1    | Noticed Mulkerokala's ghost (journeyman DsNe)
 18749 | Orc:1    | Killed Steforg's ghost
 18764 | Orc:1    | Killed Mulkerokala's ghost
 18767 | Orc:1    | Reached skill level 10 in Dodging
 19034 | Orc:2    | Entered Level 2 of the Orcish Mines
 19146 | Orc:2    | Found a staircase to the Elven Halls.
 19322 | Orc:2    | Found a roughly hewn altar of Beogh.
 19330 | Orc:2    | Received a gift from Trog
 19334 | Orc:2    | Got a dazzling short sword {god gift}
 19335 | Orc:2    | Identified the +9 short sword of Rurghisu {drain, Str+4} (Trog gifted it to you on level 2 of the Orcish Mines)
 19457 | Orc:2    | Noticed an orc warlord
 19477 | Orc:2    | Killed an orc warlord
 19499 | Orc:2    | Found Iggeplawk's Antique Armour Boutique.
 19500 | Orc:2    | Found a roughly hewn altar of Beogh.
 19503 | Orc:2    | Found Gyts's Antique Weapon Shop.
 19509 | Orc:2    | Bought a twisted helmet for 275 gold pieces
 19509 | Orc:2    | Bought the +2 robe of Vines {NoDeviceHeal Regen+7} for 513 gold pieces
 19522 | Orc:2    | Identified the +2 helmet "Vequl" {rF++} (You bought it in a shop on level 2 of the Orcish Mines)
 19539 | Orc:2    | Bought a warped dagger for 252 gold pieces
 19539 | Orc:2    | Identified the cursed +1 dagger "Killer Bee's Foe" {drain, *Drain Int+5 Stlth+} (You bought it in a shop on level 2 of the Orcish Mines)
 19717 | Orc:2    | Found a roughly hewn altar of Beogh.
 19790 | Orc:2    | Found a roughly hewn altar of Beogh.
 19796 | Orc:2    | Found Ufrezid's Armour Emporium.
 19830 | Orc:2    | Found a roughly hewn altar of Beogh.
 19900 | Orc:2    | Found a roughly hewn altar of Beogh.
 19940 | Orc:2    | Found a roughly hewn altar of Beogh.
 19941 | Orc:2    | Found Cykhaosk's Antique Weapon Shoppe.
 19961 | Orc:2    | Received a gift from Trog
 20266 | Spider:1 | Entered Level 1 of the Spider Nest
 20406 | Spider:1 | Reached skill level 22 in Stealth
 21037 | Spider:2 | Reached XP level 16. HP: 90/90 MP: 5/17
 21234 | Spider:2 | Received a gift from Trog
 21590 | Depths:1 | Entered Level 1 of the Depths
 21591 | Depths:1 | Found a flickering gateway to a bazaar.
 21620 | Bazaar   | Entered a bazaar
 21620 | Bazaar   | Found Toled's Antique Weapon Shoppe.
 21620 | Bazaar   | Found Osodeij's Magic Scroll Emporium.
 21633 | Bazaar   | Found Heixot's Jewellery Shoppe.
 21647 | Bazaar   | Found Poyhehos's Food Emporium.
 21670 | Bazaar   | Bought the amulet of the Four Winds {rN+ MR+++ Clar} for 328 gold pieces
 21683 | Bazaar   | Bought a scroll of acquirement for 572 gold pieces
 21686 | Bazaar   | Got a jewelled dagger
 21687 | Bazaar   | Identified the +0 dagger of Ypriwem {flame, rC+} (You acquired it in a bazaar)
 21689 | Bazaar   | Bought a scroll of enchant armour for 82 gold pieces
 21689 | Bazaar   | Bought a scroll of enchant armour for 82 gold pieces
 21966 | Depths:1 | Noticed cappa's ghost (journeyman HOBe)
 21971 | Depths:1 | Noticed Nikola
 22029 | Depths:1 | Killed cappa's ghost
 22211 | Depths:1 | Killed from afar by Nikola

Vault maps used:
D:1:      shiori_shiawase
D:2:      uniq_robin
D:4:      old_standard_altar
D:5:      grunt_temple_overflow_open, serial_corexii_hall,
          corexii_hall_statues_i, corexii_hall_statues_t, first_bread,
          serial_shops, nicolae_shop_stone, shop_statue,
          nicolae_shop_statue_plus, shop, shop_statue
D:7:      fedhas_altar_fruit_tree, tgw_xom, uniq_duvessa, uniq_prince_ribbit1
D:8:      hangedman_ranch
D:9:      due_lair_maze_entry_diamond, sword_in_stone, uniq_maurice
D:10:     johnstein_pakellas_dig, uniq_nergalle
D:11:     orc_0_dummy, serial_shops, bzr_entry_lakeside,
          statue_in_the_mist_lemuel
D:12:     serial_shops, shop, portal_ice_cave_rime, hangedman_decor_growths,
          nicolae_dithmenos_through_a_glass_darkly
D:14:     david_vaults_1, enter_trove_1, kennysheep_decorative_pillar,
          minivault_22, nicolae_tso_carved_into_rock
D:15:     gammafunk_enter_depths_forms, hangedman_ru_absence,
          trog_ov_bears_minmay
Lair:1:   lab_entry_generic, nicolae_volcano_entry_vermiform
Lair:2:   grunt_megastairs_4, uniq_harold, uniq_gastronok
Lair:3:   spider_nest_entry_web_field, minmay_holes, grunt_megastairs_1,
          infiniplex_staircase_pool
Lair:4:   minmay_shoals_entry_hut, kennysheep_catoblepas_arena
Lair:6:   evil_forest, slime_altar_1
Spider:2: zaba_anthell
Orc:2:    grunt_orc_community_town_hall, grunt_orc_community_big_house_1,
          grunt_orc_community_big_house_2, grunt_orc_community_house_1,
          grunt_orc_community_house_2, grunt_orc_community_house_2,
          grunt_orc_community_house_3, grunt_orc_community_house_1
Depths:1: minmay_misc_feat_columns, hell_entry, serial_shops, freezing_bzr,
          st_stairs_3, hangedman_aviary, firewood_loft, uniq_nikola
Lab:      labyrinth_mini_lab, nicolae_lab_hexagon
Bazaar:   bazaar_kb_twisted_cavern, bazaar_minmay_row
IceCv:    ice_cave_statue_garden_teleport
Volcano:  volcano_grotto

Skill      XL: |  1  2  3  4  5  6  7  8  9 10 11 12 13 14 15 |
---------------+----------------------------------------------+-----
Stealth        | 1 2 3 4 5 6 9 10 12 15 17 19 20 22 | 22.9
Fighting       | 3 4 6 7 9 10 11 12 | 12.9
Short Blades   | 3 4 5 6 7 8 |  8.3
Shields        | 1 2 5 |  5.6
Dodging        | 2 5 6 8 9 10 | 10.8
Armour         | |  1.5

Action                   |  1- 3 |  4- 6 |  7- 9 | 10-12 | 13-15 | 16-18 || total
-------------------------+-------+-------+-------+-------+-------+-------++-------
Melee: Short sword       |   104 |    25 |       |       |       |       ||   129
       Bite              |    17 |   118 |    77 |   317 |   655 |   212 ||  1396
       Dagger            |       |   311 |   236 |    62 |       |       ||   609
       Quick blade       |       |       |       |   756 |  1267 |   351 ||  2374
Invok: Berserk           |     1 |     3 |     2 |     9 |     6 |     1 ||    22
       Trog's Hand       |       |       |     1 |     4 |    13 |     3 ||    21
       Burn Spellbooks   |       |       |       |     3 |     3 |       ||     6
       Brothers in Arms  |       |       |       |     1 |     3 |       ||     4
Evoke: Wand              |       |       |       |       |       |     1 ||     1
  Use: Scroll            |       |       |       |    40 |    10 |     3 ||    53
       Potion            |       |       |       |     1 |     1 |       ||     2
 Stab: Sleeping          |     4 |     9 |    12 |    35 |   104 |     5 ||   169
       Distracted        |       |       |       |     3 |    12 |       ||    15
  Eat: Bread ration      |     1 |       |     2 |     2 |     3 |     1 ||     9
       Chunk             |       |     7 |     1 |    10 |    10 |     1 ||    29
       Beef jerky        |       |     1 |       |       |       |       ||     1
       Meat ration       |       |       |       |     2 |     2 |       ||     4
       Fruit             |       |       |       |       |    10 |       ||    10
Armor: Animal skin       |    21 |     4 |       |       |       |       ||    25
       Leather armour    |       |    15 |     6 |       |       |       ||    21
       Robe              |       |       |     6 |    59 |    73 |    26 ||   164
Dodge: Dodged            |    84 |   157 |    87 |   318 |   481 |   202 ||  1329
Block: Buckler           |       |       |    25 |   121 |   172 |    40 ||   358
